[Event "*** SCC Grand Prix: Titled Tuesday Blitz"]
[Site "Chess.com"]
[Date "2020.06.02"]
[Round "6"]
[White "Forking_U"]
[Black "MasterKroket"]
[Result "0-1"]
[WhiteElo "2214"]
[BlackElo "2424"]
[TimeControl "180+1"]
[EndTime "11:09:19 PDT"]
[Termination "MasterKroket won on time"]

1. e4 c5 2. Nf3 e6 3. d4 cxd4 4.
Nxd4 Nc6 5. Nc3 Qc7 6. f4 a6 7.
Nxc6 Qxc6 8. Bd3 b5 9. Qe2 Bb7 10. Bd2 Rc8 11. O-O-O Nf6 12. e5 Nd5 13. Ne4 Nb4 14.
Bxb4 Bxb4 15. Qg4 Kf8 16. Rhf1 h5 17. Qh3 g6 18. Nf6 Be7 19. Be4 Qxe4 20. Nxe4 Bxe4 21. Rd2 Bb4 22. Re2 Bf5 23. Qb3 Be7 24. Rd1 Rc7 25. a4 b4 26. Rd6 a5 27. Red2 Bxd6 28. exd6 Rc6 29. Qe3 Kg7 30. Qe5+ f6 31. Qxa5 b3 32.
c3 Re8 33. Qa7 e5 34. Re2 e4 35. g3 Rxd6 36. Rd2 Rxd2 37. Kxd2 e3+ 38. Ke1 Bg4 39.
a5 Kh6 40. a6 Re6 0-1

[Event "*** SCC Grand Prix: Titled Tuesday Blitz"]
[Site "Chess.com"]
[Date "2020.06.02"]
[Round "6"]
[White "abfchess"]
[Black "ega2006"]
[Result "0-1"]
[WhiteElo "2102"]
[BlackElo "2381"]
[TimeControl "180+1"]
[EndTime "11:09:19 PDT"]
[Termination "ega2006 won by checkmate"]

1. d4 Nf6 2. Nf3 g6 3. Bg5 Bg7 4. Nbd2 O-O 5. c3 d6 6. e4 c5 7. dxc5 dxc5 8. Bc4 Nc6 9. Qe2 Qc7 10. O-O Nh5 11. Rfe1 Nf4 12. Qe3 Ne6 13. Bh4 Ne5 14. Nxe5 Bxe5 15. Bg3 Nf4 16. Nf3 g5 17. Nxg5 Ng6 18. Rf1 Bxg3 19. hxg3 Ne5 20. Be2 Kg7 21. f4 Ng6 22. e5 h6 23. Ne4 b6 24. Bf3 Rb8 25.
Rfd1 Be6 26. Rd2 Rfd8 27. b3 Rxd2 28. Qxd2 Rd8 29. Qe3 c4 30. b4 Rd3 31. Qe1 Qd8 32.
Rd1 Bf5 33. Rxd3 Qxd3 34. Nf2 Qc2 35. a3 Bd3 36. Nxd3 cxd3 37. Qd1 Qxc3 38. Kf1 Nf8 39. Be4 Qxa3 40. Qxd3 Qxb4 41. f5 f6 42. exf6+ exf6 43. Bf3 Qe7 44. Qa6 Nh7 45. g4 Ng5 46. Kf2 Nf7 47.
Kg3 Ne5 48. Kh4 Qc7 49. Kh5 Nxf3 50. gxf3 Qh2# 0-1

[Event "*** SCC Grand Prix: Titled Tuesday Blitz"]
[Site "Chess.com"]
[Date "2020.06.02"]
[Round "6"]
[White "guillembaches"]
[Black "DonPreuss"]
[Result "1-0"]
[WhiteElo "2428"]
[BlackElo "2228"]
[TimeControl "180+1"]
[EndTime "11:09:19 PDT"]
[Termination "guillembaches won on time"]

1. e4 Nc6 2. Nf3 d6 3. d4 e5 4. Bb5 exd4 5. Nxd4 Bd7 6. O-O g6 7. Nc3 Bg7 8. Be3 Nge7 9. Nd5 O-O 10. Nxe7+ Qxe7 11. Bxc6 bxc6 12. Qd3 c5 13. Ne2 Bxb2 14. Rab1 Bg7 15. Nc3 Bc6 16. Nd5 Bxd5 17. exd5 Rfb8 18. h3 Rb6 19. Rbe1 Qd7 20. Bc1 Re8 21. c4 Rbb8 22. Be3 Rb2 23. Qa3 Rb7 24. Rb1 Reb8 25. Rxb7 Rxb7 26.
Qa6 Qc8 27. Kh2 Qb8 28. Qc6 Rb2 29. Re1 Be5+ 30. f4 Rxa2 31. fxe5 Qb2 32. Rg1 Qxe5+ 33. Kh1 Qxe3 34. Qxc7 Qg3 35. Qc6 a5 36. Qe8+ Kg7 37.
Qe4 a4 38. Qb1 Rf2 39. Qa1+ f6 40. Qxa4 Qe3 41. Qd7+ Kh6 42. Qxd6 Qf4 43. Qxc5 1-0

[Event "*** SCC Grand Prix: Titled Tuesday Blitz"]
[Site "Chess.com"]
[Date "2020.06.02"]
[Round "6"]
[White "ElGasanov"]
[Black "CrushingKings"]
[Result "1-0"]
[WhiteElo "2741"]
[BlackElo "2504"]
[TimeControl "180+1"]
[EndTime "11:09:20 PDT"]
[Termination "ElGasanov won by resignation"]

1. d4 g6 2. e4 Bg7 3. Nf3 c6 4. c4 d5 5. e5 Bg4 6. Nc3 e6 7. h3 Bxf3 8. Qxf3 a6 9. Be3 Nd7 10. cxd5 cxd5 11. Bd3 Ne7 12. O-O Rc8 13. Rac1 Nc6 14.
Ne2 O-O 15. Qg3 Nb4 16. Bb1 Qb6 17. h4 Rc4 18. b3 Rc6 19. h5 Rfc8 20. hxg6 hxg6 21.
Rxc6 Nxc6 22. Rd1 Ne7 23. Nf4 Nf8 24. Qh4 Qd8 25. g4 Nh7 26. Qg3 Ng5 27. Nh5 Ne4 28. Bxe4 g5 29. Nxg7 dxe4 30. Nh5 Ng6 31. Nf6+ Kg7 32.
Bxg5 Qa5 33. Nh5+ Kf8 34. Qe3 Qxa2 35. Rc1 Rc2 36. Rxc2 Qxc2 37. Nf6 Qd1+ 38. Kg2 Ne7 39. Qxe4 Ng6 40. Qxb7 Qxd4 41. Qc8+ 1-0

[Event "*** SCC Grand Prix: Titled Tuesday Blitz"]
[Site "Chess.com"]
[Date "2020.06.02"]
[Round "6"]
[White "floplover"]
[Black "Loiacono_Antonio"]
[Result "1/2-1/2"]
[WhiteElo "2205"]
[BlackElo "2409"]
[TimeControl "180+1"]
[EndTime "11:09:20 PDT"]
[Termination "Game drawn by repetition"]

1. d4 d5 2. c4 c6 3. Nc3 Nf6 4. Nf3 e6 5. Bg5 h6 6. Bh4 g5 7. Bg3 dxc4 8. e4 b5 9. Be2 Bb7 10. h4 g4 11. Ne5 h5 12. f3 Nbd7 13. Nxd7 Qxd7 14. Be5 Rh6 15. fxg4 Nxg4 16. Bxg4 hxg4 17. Qxg4 O-O-O 18. O-O-O Rg6 19. Qf3 Bh6+ 20. Kb1 Rdg8 21. d5 Rxg2 22. dxc6 Qxc6 23. Qxf7 Bd2 24. Rxd2 Rxd2 25.
Qxg8+ Rd8 26. Qf7 b4 27. Rd1 Rxd1+ 28. Nxd1 Qxe4+ 29. Ka1 Qxe5 30. Qf8+ Kc7 31. Qxb4 Qd4 32. Qa5+ Kb8 33. Qe1 Be4 34. a3 Bf5 35. Nc3 a5 36. h5 Qg4 37. h6 Qh3 38. Qe5+ Kb7 39. Qb5+ Kc8 40. Qxc4+ Kd7 41. Qd4+ Kc6 42. Qc4+ Kd7 43. Qd4+ Kc8 44. Qc4+ Kb7 45. Qb5+ Kc8 46. Qc6+ Kd8 47. Qd6+ Ke8 48. Qb8+ Kf7 49. Qh8 Qf1+ 50. Ka2 Qc4+ 51.
Ka1 Qf1+ 52. Ka2 Qc4+ 53. Ka1 Qf1+ 1/2-1/2

[Event "*** SCC Grand Prix: Titled Tuesday Blitz"]
[Site "Chess.com"]
[Date "2020.06.02"]
[Round "6"]
[White "Harsha_Bharathakoti"]
[Black "GHANDEEVAM2003"]
[Result "0-1"]
[WhiteElo "2742"]
[BlackElo "2958"]
[TimeControl "180+1"]
[EndTime "11:09:21 PDT"]
[Termination "GHANDEEVAM2003 won by resignation"]

1. c4 e6 2. d4 d5 3. Nf3 Nf6 4. Nc3 a6 5. cxd5 exd5 6. Qb3 Be7 7. Bg5 c6 8. e3 O-O 9. Bd3 h6 10. Bh4 Re8 11. O-O Nbd7 12. Qc2 b5 13. Rfe1 Bb7 14.
a3 c5 15. dxc5 Nxc5 16. Bf5 Qb6 17. Rad1 Rad8 18. Nd4 b4 19. axb4 Qxb4 20. Bg3 Qb6 21. h3 Nfe4 22. Bh2 a5 23. Ra1 Ba6 24. Red1 Bf6 25. Nde2 Bb7 26. Nf4 Bxc3 27. bxc3 a4 28. c4 Qf6 29. Bg4 dxc4 30. Qxc4 Rd2 31. Bf3 Ba6 32. Qb4 Rxf2 33. Rac1 Rb2 34. Qd4 Nb3 35.
Qa7 Nxc1 36. Qxa6 0-1

[Event "*** SCC Grand Prix: Titled Tuesday Blitz"]
[Site "Chess.com"]
[Date "2020.06.02"]
[Round "6"]
[White "Mr_Sinigami"]
[Black "Kobalia"]
[Result "0-1"]
[WhiteElo "2597"]
[BlackElo "2772"]
[TimeControl "180+1"]
[EndTime "11:09:21 PDT"]
[Termination "Kobalia won by checkmate"]

1. Nf3 Nf6 2. c4 c6 3. Nc3 d5 4. e3 a6 5. d4 e6 6. Bd3 dxc4 7.
Bxc4 b5 8. Be2 c5 9. O-O Bb7 10. b3 cxd4 11. Nxd4 Nbd7 12. Bb2 Bc5 13. Bf3 Bxf3 14.
Qxf3 Bxd4 15. exd4 b4 16. Na4 O-O 17. Rac1 Nd5 18.
Rc2 Qg5 19. Rfc1 h5 20. Nc5 N7f6 21. Nd3 a5 22. g3 a4 23. h4 Qh6 24. Rc4 a3 25.
Ba1 Rab8 26. Qe2 g5 27. hxg5 Qxg5 28. Kg2 h4 29. Rh1 hxg3 30. Rg1 Qh5 31. Kf1 Qxe2+ 32. Kxe2 Kh7 33. Rxg3 Rg8 34. Ne5 Rxg3 35. fxg3 Rg8 36. Kf3 Rg5 37. Nd3 Ne4 38. Kxe4 Rxg3 39. Ne5 Re3# 0-1

[Event "*** SCC Grand Prix: Titled Tuesday Blitz"]
[Site "Chess.com"]
[Date "2020.06.02"]
[Round "6"]
[White "DaggiGretarsson"]
[Black "OparinGrigoriy"]
[Result "0-1"]
[WhiteElo "2678"]
[BlackElo "2923"]
[TimeControl "180+1"]
[EndTime "11:09:22 PDT"]
[Termination "OparinGrigoriy won on time"]

1. d4 Nf6 2. c4 e6 3. Nf3 Bb4+ 4.
Bd2 a5 5. g3 d5 6. Bg2 O-O 7.
Qc2 c6 8. O-O Be7 9. Bf4 Nbd7 10.
Rd1 Nh5 11. Bc1 f5 12. b3 b5 13.
Nc3 Ba6 14. Nd2 Nhf6 15. e3 Ne4 16. cxd5 cxd5 17. Ncxe4 fxe4 18. Qc6 Rf6 19. Bh3 Kh8 20. Bb2 b4 21. Rac1 Ra7 22. Bf1 Bxf1 23. Rxf1 Ra8 24. f3 exf3 25. Nxf3 Kg8 26. Ne5 Nxe5 27. dxe5 Rxf1+ 28. Rxf1 Qc8 29. Rc1 Qxc6 30. Rxc6 Kf7 31. Bd4 Ke8 32. Rc7 a4 33. Bc5 Bxc5 34. Rxc5 axb3 35. axb3 Ra3 36. Rc7 Rxb3 37. Rxg7 h5 38. Kf2 Rb2+ 39. Kf3 Rxh2 40. Rb7 Rb2 41. Kf4 Rf2+ 42. Kg5 Rf5+ 43. Kg6 Rxe5 44. Rxb4 Rxe3 45. Kf6 Kd7 46. Rb6 d4 0-1

[Event "*** SCC Grand Prix: Titled Tuesday Blitz"]
[Site "Chess.com"]
[Date "2020.06.02"]
[Round "6"]
[White "Jenia84"]
[Black "M1711"]
[Result "1-0"]
[WhiteElo "2247"]
[BlackElo "2451"]
[TimeControl "180+1"]
[EndTime "11:09:22 PDT"]
[Termination "Jenia84 won on time"]

1. e3 e5 2. b3 Nf6 3. Bb2 Nc6 4. c4 d5 5. cxd5 Nxd5 6. Nc3 Nxc3 7. Bxc3 Bd6 8. Be2 O-O 9. Qc2 Qe7 10. Nf3 e4 11.
Nd4 Nxd4 12. Bxd4 c5 13. Bc3 Bf5 14. f4 exf3 15. Qxf5 fxe2 16. Kxe2 b5 17. h4 Rfe8 18. h5 Be5 19. Rac1 Rad8 20. Rhf1 g6 21. hxg6 hxg6 22. Qxe5 Qxe5 23. Bxe5 Rxe5 24. Rf4 Kg7 25. g4 Rh8 26. Rcf1 Re7 27. a4 a6 28. axb5 axb5 29. Rc1 Rc7 30. d4 c4 31. bxc4 bxc4 32. Rc3 Rh2+ 33. Rf2 Rh4 34. Kf3 f5 35. gxf5 gxf5 36. Rfc2 Re7 37. Rxc4 Rh3+ 38. Kf4 Rhxe3 39. Rc7 Rxc7 40. Rxc7+ Kf6 41.
Kxe3 1-0

[Event "*** SCC Grand Prix: Titled Tuesday Blitz"]
[Site "Chess.com"]
[Date "2020.06.02"]
[Round "6"]
[White "XxPetroffsxX"]
[Black "MilanJeremic"]
[Result "1/2-1/2"]
[WhiteElo "2058"]
[BlackElo "2239"]
[TimeControl "180+1"]
[EndTime "11:09:22 PDT"]
[Termination "Game drawn by repetition"]

1. e4 c6 2. Nc3 a6 3. d4 d5 4.
a4 g6 5. f4 h5 6. e5 Bg4 7. Be2 Bxe2 8. Qxe2 e6 9. Nf3 Ne7 10.
Be3 Nf5 11. Bf2 Qb6 12. O-O-O Bb4 13. Qd3 Qa5 14. Be1 b5 15. Ng5 Bxc3 16. Bxc3 b4 17.
Be1 Qxa4 18. Kd2 Qb5 19. Ra1 Qxd3+ 20. Kxd3 O-O 21. Bxb4 Rc8 22. Bc5 Nd7 23. b4 Rcb8 24.
c3 Nxc5+ 25. dxc5 d4 26. Ne4 dxc3 27. Kxc3 Ne3 28. Rhb1 Nd5+ 29. Kc4 Nxf4 30. g3 Nd5 31. Nd6 Ne3+ 32. Kd3 Ng4 33. h3 Nxe5+ 34. Ke4 Nd7 35. g4 hxg4 36. hxg4 Kg7 37. g5 Rh8 38. Rh1 Rxh1 39.
Rxh1 Rb8 40. Rf1 Rxb4+ 41. Kd3 Ne5+ 42. Kc3 Rg4 43. Ne8+ Kf8 44. Nf6 Rxg5 45. Nh7+ Ke7 46. Nxg5 f5 47. Kb4 Nd3+ 48. Kc4 Ne5+ 49. Kb4 Nd3+ 50. Kc4 Ne5+ 51. Kb4 1/2-1/2

[Event "*** SCC Grand Prix: Titled Tuesday Blitz"]
[Site "Chess.com"]
[Date "2020.06.02"]
[Round "6"]
[White "karinachess1"]
[Black "carlesdc96"]
[Result "0-1"]
[WhiteElo "2506"]
[BlackElo "2752"]
[TimeControl "180+1"]
[EndTime "11:09:23 PDT"]
[Termination "carlesdc96 won by resignation"]

1. e4 e6 2. d4 d5 3. Nc3 Bb4 4.
e5 c5 5. a3 Bxc3+ 6. bxc3 Qa5 7. Bd2 Qa4 8. Nf3 b6 9. c4 Ne7 10. Be2 Ba6 11. c3 Qxd1+ 12. Rxd1 Nd7 13. cxd5 Bxe2 14. Kxe2 Nxd5 15. c4 Ne7 16. Bg5 cxd4 17. Rxd4 Nf5 18. Rd2 h6 19. Be3 Ke7 20. Rhd1 Rhd8 21.
g4 Nxe3 22. Kxe3 Rac8 23. Rd4 Rc7 24. Nd2 Rdc8 25. f4 Nb8 26. Rd6 Rd7 27. Ne4 Rxc4 28.
R1d3 Rxd6 29. Nxd6 Rc5 30. h3 g5 31. Ne4 gxf4+ 32. Kxf4 Rc4 33. Ke3 Nc6 34. Kf4 Ra4 35.
h4 Na5 36. g5 hxg5+ 37. hxg5 Nb7 38. Re3 Nc5 39. Kf3 Rxe4 40. Rxe4 Nxe4 41. Kxe4 a6 42. Kd4 Kf8 0-1

[Event "*** SCC Grand Prix: Titled Tuesday Blitz"]
[Site "Chess.com"]
[Date "2020.06.02"]
[Round "6"]
[White "rugbyclub"]
[Black "MathiasWomacka"]
[Result "0-1"]
[WhiteElo "2118"]
[BlackElo "2381"]
[TimeControl "180+1"]
[EndTime "11:09:23 PDT"]
[Termination "MathiasWomacka won on time"]

1. c4 c5 2. g3 Nf6 3. Bg2 d5 4. cxd5 Nxd5 5. Nc3 Nc7 6. a3 e5 7. b4 Nc6 8. b5 Nd4 9. e3 Ndxb5 10. Nxb5 Nxb5 11.
Bb2 Bd6 12. a4 Nc7 13. Rb1 O-O 14. d3 Rb8 15. Bc3 b6 16. Ne2 Bb7 17. O-O Bxg2 18. Kxg2 Nd5 19. Ba1 Bc7 20. Qb3 Qd7 21. Rbd1 Rfd8 22. Kg1 Qh3 23. Qc4 Nf6 24. f3 Nd5 25. Qc1 Qh6 26. f4 exf4 27. Nxf4 Nxf4 28. exf4 Rd5 29.
Qc3 Rbd8 30. Rfe1 Qg6 31. Qc4 h5 32. d4 cxd4 33. Qxc7 h4 34. Kf2 hxg3+ 35. hxg3 d3 36.
Be5 d2 37. Re2 f6 38. Bb2 Rd3 0-1

[Event "*** SCC Grand Prix: Titled Tuesday Blitz"]
[Site "Chess.com"]
[Date "2020.06.02"]
[Round "6"]
[White "hectorfiori"]
[Black "oykuince"]
[Result "1-0"]
[WhiteElo "2377"]
[BlackElo "2082"]
[TimeControl "180+1"]
[EndTime "11:09:23 PDT"]
[Termination "hectorfiori won by resignation"]

1. e4 c5 2. Nf3 e6 3. d4 cxd4 4. Nxd4 Nc6 5. Nc3 Qc7 6. Ndb5 Qb8 7. Be3 a6 8. Bb6 axb5 9. Nxb5 Bb4+ 10. c3 Ba5 11.
Nc7+ Qxc7 12. Bxc7 Bxc7 13. Qg4 g6 14. Bb5 Ne5 15. Qe2 Ne7 16. a4 h5 17. h3 b6 18.
O-O Bb7 19. b4 g5 20. Rad1 h4 21. Qd2 Bxe4 22. Bxd7+ Kf8 23. Rfe1 Bd5 24. Bb5 g4 25. Qg5 gxh3 26. Rxe5 Bxe5 27. Qxe5 Rg8 28. g3 hxg3 29. fxg3 Rd8 30. c4 Ng6 31. Qf6 h2+ 32. Kf2 Rd6 33. cxd5 Rxd5 34. Rxd5 exd5 35. Kg2 Rh8 36. Kh1 Ne7 37.
Bd7 1-0

[Event "*** SCC Grand Prix: Titled Tuesday Blitz"]
[Site "Chess.com"]
[Date "2020.06.02"]
[Round "6"]
[White "Evgeny81"]
[Black "BilodeauA"]
[Result "0-1"]
[WhiteElo "2715"]
[BlackElo "2899"]
[TimeControl "180+1"]
[EndTime "11:09:24 PDT"]
[Termination "BilodeauA won by checkmate"]

1. d4 d5 2. c4 dxc4 3. Nf3 a6 4.
e3 Bg4 5. Bxc4 e6 6. O-O Nc6 7. Nbd2 Nf6 8. b3 Be7 9. Bb2 O-O 10. h3 Bh5 11. Rc1 Nd5 12. Bd3 f5 13. a3 Bd6 14. Nc4 Nce7 15. Be2 c6 16. Nxd6 Qxd6 17. Ne5 Bxe2 18. Qxe2 Ng6 19. Nc4 Qe7 20. f3 Qg5 21. Rce1 Rad8 22. Bc1 Nh4 23. Qf2 Ng6 24. Kh2 Qe7 25. Qg3 Nf6 26. a4 Nh5 27. Qf2 Qc7+ 28. g3 Nf6 29. Ba3 Rf7 30. Kg2 Nd5 31. Qc2 b5 32. Nd2 Rf6 33. Rf2 e5 34. dxe5 Nxe5 35. e4 Nd3 36. Ree2 Rg6 37. Nf1 N5f4+ 38. Kh1 Nxe2 39.
Rxe2 Rxg3 40. Nxg3 Qxg3 41. Rg2 Qxf3 42. Qxc6 Nf2+ 43.
Kh2 Qxh3+ 44. Kg1 Rd1+ 45. Kxf2 Rd2+ 46. Ke1 Qe3+ 47. Kf1 Rd1# 0-1

[Event "*** SCC Grand Prix: Titled Tuesday Blitz"]
[Site "Chess.com"]
[Date "2020.06.02"]
[Round "6"]
[White "woodhy"]
[Black "Drags95"]
[Result "1/2-1/2"]
[WhiteElo "2468"]
[BlackElo "2654"]
[TimeControl "180+1"]
[EndTime "11:09:24 PDT"]
[Termination "Game drawn by repetition"]

1. e4 c5 2. Nf3 d6 3. d4 cxd4 4. Nxd4 Nf6 5. f3 e5 6. Bb5+ Bd7 7.
Bxd7+ Qxd7 8. Nf5 d5 9. Bg5 d4 10. Bxf6 gxf6 11. c3 Nc6 12. O-O Bc5 13. Kh1 d3 14.
Nd2 O-O-O 15. Nc4 Ne7 16. Nxe7+ Bxe7 17. Ne3 Qc6 18. Nd5 Rxd5 19. exd5 Qxd5 20. Qd2 f5 21. Rad1 Rd8 22. Qh6 Bc5 23. Qxh7 e4 24. fxe4 fxe4 25. Rf5 Qc6 26. Rxf7 Kb8 27. h3 a6 28. Qf5 d2 29.
Rf6 Qd5 30. Rxd2 Qxd2 31. Qxc5 e3 32. Rf7 Rc8 33. Qe5+ Ka8 34. Qe4 Qxb2 35. Re7 Rxc3 36.
Re8+ Ka7 37. Qd4+ Qb6 38. Ra8+ Kxa8 39. Qxb6 Rc1+ 40. Kh2 e2 41. Qd8+ Ka7 42. Qd4+ Ka8 43. Qd8+ Ka7 44. Qd4+ Ka8 45. Qd8+ 1/2-1/2

[Event "*** SCC Grand Prix: Titled Tuesday Blitz"]
[Site "Chess.com"]
[Date "2020.06.02"]
[Round "6"]
[White "Dmitry_Konenkin"]
[Black "jocmil"]
[Result "0-1"]
[WhiteElo "2292"]
[BlackElo "2467"]
[TimeControl "180+1"]
[EndTime "11:09:24 PDT"]
[Termination "jocmil won by resignation"]

1. d4 Nf6 2. Bg5 Ne4 3. Bh4 c5 4. f3 Qa5+ 5. c3 Nf6 6. dxc5 Qxc5 7. Bf2 Qc7 8. e4 Nc6 9. Na3 e5 10. Nc4 d6 11. Qd2 Be6 12. O-O-O Rd8 13. Nh3 d5 14. exd5 Rxd5 15. Qc2 Rxd1+ 16. Qxd1 Be7 17. Ng5 Bf5 18. Bd3 Bxd3 19. Qxd3 O-O 20. Re1 b5 21. Ne3 Rd8 22. Qxb5 h6 23. Ne4 Nxe4 24. fxe4 Bg5 25. Qc5 Qd7 26. Kb1 Qd3+ 27. Ka1 Qd2 28. Rf1 Qxf2 29. Rxf2 Bxe3 30. Qd5 Rxd5 31. exd5 Bxf2 32. dxc6 Bb6 33.
b4 e4 34. Kb2 e3 35. Kc2 f5 36. Kd3 f4 37. c4 g5 38. c5 Bc7 39. a4 Kf7 40. a5 Ke6 41. a6 Kd5 42. b5 Kxc5 43.
b6 Kxb6 0-1

[Event "*** SCC Grand Prix: Titled Tuesday Blitz"]
[Site "Chess.com"]
[Date "2020.06.02"]
[Round "6"]
[White "murtas73"]
[Black "GM_Levan_Pantsulaia"]
[Result "0-1"]
[WhiteElo "2668"]
[BlackElo "2844"]
[TimeControl "180+1"]
[EndTime "11:09:27 PDT"]
[Termination "GM_Levan_Pantsulaia won by resignation"]

1. d4 Nf6 2. c4 c5 3. d5 g6 4. Nc3 Bg7 5. e4 d6 6. Bd3 O-O 7. h3 e6 8. Bg5 exd5 9. cxd5 h6 10.
Be3 Re8 11. Nf3 a6 12. a4 Nbd7 13. O-O Nh5 14. Re1 Kh7 15. Rc1 Rb8 16. Nd2 Qh4 17. Nc4 Qe7 18. Be2 b5 19. axb5 axb5 20. Na5 Qh4 21. Nc6 b4 22. Nxb8 bxc3 23. Nxd7 cxb2 24. Rb1 Bxd7 25. Qd2 Rxe4 26. Bf1 Rb4 27. Rbd1 Bf5 28. g3 Nxg3 29. fxg3 Qxg3+ 30. Qg2 Qxg2+ 31. Kxg2 b1=Q 32. Rxb1 Rxb1 33. Rxb1 Bxb1 34. Kf3 Be5 35. Bd2 Kg7 36. Bc4 f5 37. h4 Be4+ 38. Kf2 Bf6 39. Kg3 g5 40. hxg5 hxg5 41. Ba5 Kg6 0-1

[Event "*** SCC Grand Prix: Titled Tuesday Blitz"]
[Site "Chess.com"]
[Date "2020.06.02"]
[Round "6"]
[White "Mimsychess"]
[Black "ehrenfeld"]
[Result "0-1"]
[WhiteElo "2258"]
[BlackElo "2441"]
[TimeControl "180+1"]
[EndTime "11:09:28 PDT"]
[Termination "ehrenfeld won on time"]

1. e4 e5 2. Nf3 Nc6 3. Bb5 a6 4. Ba4 Nf6 5. O-O Be7 6. Re1 b5 7. Bb3 d6 8. c3 O-O 9. h3 Na5 10. Bc2 c5 11. d4 Qc7 12. Nbd2 Bd7 13. Nf1 Rfe8 14. Ng3 Nc4 15. b3 Nb6 16. d5 c4 17.
Be3 Reb8 18. Qd2 a5 19. Bg5 Qd8 20. Nh4 g6 21. f4 Ne8 22. Nf3 cxb3 23. axb3 a4 24.
fxe5 Bxg5 25. Nxg5 dxe5 26. Nf3 Qe7 27. Qh6 Nd6 28. Rf1 f6 29. Nh4 Qg7 30. Qe3 Qe7 31.
b4 Nbc4 32. Qf2 Rf8 33. Bd3 Kh8 34. Kh2 f5 35. Nf3 f4 36. Ne2 g5 37. Bxc4 Nxc4 38. Qc5 Nd6 39. Qf2 Rg8 40. Kh1 h5 41. Nh2 g4 42. hxg4 hxg4 43. g3 f3 44. Ng1 Nxe4 45.
Qe1 Qh7 0-1

[Event "*** SCC Grand Prix: Titled Tuesday Blitz"]
[Site "Chess.com"]
[Date "2020.06.02"]
[Round "6"]
[White "EugeneRougon"]
[Black "DivyaDeshmukh23"]
[Result "1-0"]
[WhiteElo "2660"]
[BlackElo "2474"]
[TimeControl "180+1"]
[EndTime "11:09:29 PDT"]
[Termination "EugeneRougon won by resignation"]

1. e4 c5 2. Nf3 d6 3. d4 cxd4 4.
Nxd4 Nf6 5. Nc3 Nc6 6. Bg5 e6 7. Qd2 Be7 8. O-O-O a6 9. f4 Bd7 10. Nf3 b5 11. Bxf6 gxf6 12. Bd3 Qb6 13. f5 O-O-O 14.
Kb1 Kb8 15. Ne2 h5 16. Nf4 Ne5 17. fxe6 fxe6 18. Nxe5 dxe5 19. Ng6 Rh7 20. Nxe7 Rxe7 21. Qh6 Rf7 22. Rhf1 Rdf8 23. Qxh5 Bc6 24. Qh6 Bb7 25. g4 Qc7 26. h4 Qe7 27. Qe3 Rh7 28. h5 Ka8 29. Qb6 Rg8 30. Rg1 Rhg7 31. Be2 f5 32.
exf5 exf5 33. a3 f4 34. Rgf1 Rf7 35. Bf3 Rf6 36. Bxb7+ Kb8 37. Bc6+ Kc8 38. Qxa6+ Kb8 39. Qa8+ 1-0

[Event "*** SCC Grand Prix: Titled Tuesday Blitz"]
[Site "Chess.com"]
[Date "2020.06.02"]
[Round "6"]
[White "PavlovDanila"]
[Black "GM_LOADING"]
[Result "1-0"]
[WhiteElo "2625"]
[BlackElo "2450"]
[TimeControl "180+1"]
[EndTime "11:09:29 PDT"]
[Termination "PavlovDanila won by resignation"]

1. e4 e5 2. Nf3 Nc6 3. Bb5 g6 4. Nc3 Bg7 5. Nd5 a6 6. Ba4 Nge7 7. O-O O-O 8. Re1 d6 9. Nxe7+ Nxe7 10. h3 h6 11. d3 f5 12. Bb3+ Kh7 13. c3 f4 14.
d4 Qe8 15. Bc2 g5 16. Nh2 Nc6 17. b3 Qg6 18. Bb2 h5 19. f3 Bd7 20. a4 Bf6 21. Qd3 Kg7 22. b4 g4 23. fxg4 hxg4 24. Nxg4 Bxg4 25.
hxg4 Rh8 26. b5 Ne7 27. Kf1 Qxg4 28. Qf3 Qxf3+ 29. gxf3 Rh1+ 30. Kg2 Rh6 31. Rg1 Rah8 32. Kf2+ Kf8 33. bxa6 bxa6 34. Rg2 Bh4+ 35. Ke2 Bg3 36. Bd3 a5 37. Ba3 Rh2 38. Rg1 Rxg2+ 39. Rxg2 Rh1 40.
Bb5 Ra1 41. Bb2 Ra2 42. Kd3 d5 43. dxe5 dxe4+ 44. Kxe4 c6 45. Bc4 1-0

[Event "*** SCC Grand Prix: Titled Tuesday Blitz"]
[Site "Chess.com"]
[Date "2020.06.02"]
[Round "6"]
[White "A-Fier"]
[Black "ajian"]
[Result "0-1"]
[WhiteElo "2735"]
[BlackElo "2452"]
[TimeControl "180+1"]
[EndTime "11:09:30 PDT"]
[Termination "ajian won by checkmate"]

1. d4 Nf6 2. c4 e6 3. Nc3 d5 4.
cxd5 Nxd5 5. Nf3 c5 6. e3 Nxc3 7. bxc3 Be7 8. Bd3 O-O 9. Qc2 g6 10. O-O b6 11. Qe2 Bb7 12. e4 cxd4 13. cxd4 Nc6 14. Bb2 Bf6 15. e5 Bg7 16. Rad1 Nb4 17. Bb1 Ba6 18. Qd2 Bxf1 19. Rxf1 Nd5 20. h4 Qe7 21. h5 Qb4 22. Qe2 Rac8 23. a3 Qe7 24. Qd2 Rfd8 25. Be4 Rc7 26. g3 Rdc8 27. Kg2 Nc3 28.
Bxc3 Rxc3 29. a4 Qa3 30. Qf4 Rc1 31. Ng5 R8c7 32. Rxc1 Qxc1 33. Qh4 h6 34. Nf3 g5 35.
Qg4 Qd1 36. d5 exd5 37. Bf5 Rc1 38. Nh2 Qg1+ 39. Kh3 Qxf2 40. Bd3 Rh1 41. Qc8+ Bf8 42. Kg4 Rxh2 43. e6 Qd4+ 44. Kf5 Qxd3+ 45. Ke5 Qe4+ 46. Kf6 Rf2# 0-1

[Event "*** SCC Grand Prix: Titled Tuesday Blitz"]
[Site "Chess.com"]
[Date "2020.06.02"]
[Round "6"]
[White "FlightsOfFancy"]
[Black "yonaltimur"]
[Result "0-1"]
[WhiteElo "1819"]
[BlackElo "1563"]
[TimeControl "180+1"]
[EndTime "11:09:30 PDT"]
[Termination "yonaltimur won on time"]

1. e4 c5 2. Nf3 e6 3. d4 cxd4 4. Nxd4 a6 5. Bd3 Qc7 6. O-O Nc6 7. Nxc6 dxc6 8. Nd2 e5 9. Nc4 b5 10. Ne3 Nf6 11.
a4 Bb7 12. Nf5 b4 13. Bg5 Nd7 14. Bc4 h6 15. Be3 g6 16. Ng3 Bc5 17. Qf3 O-O-O 18. c3 Bxe3 19. Qxe3 f5 20. exf5 gxf5 21. Nxf5 Kb8 22.
cxb4 Nf6 23. Rfc1 Nd5 24. Qc5 Nf4 25. b5 cxb5 26. Qxc7+ Kxc7 27. Bxb5+ Kb6 28. Bf1 a5 29. b4 axb4 30. a5+ Ka7 31. Rab1 Kb8 32. Rxb4 Ka7 33.
Rc7 Rb8 34. Nd6 Rhd8 0-1

[Event "*** SCC Grand Prix: Titled Tuesday Blitz"]
[Site "Chess.com"]
[Date "2020.06.02"]
[Round "6"]
[White "FMOlexandrProhorov"]
[Black "krasavetc"]
[Result "1-0"]
[WhiteElo "2090"]
[BlackElo "2237"]
[TimeControl "180+1"]
[EndTime "11:09:31 PDT"]
[Termination "FMOlexandrProhorov won by checkmate"]

1. e4 e6 2. Qe2 d5 3. exd5 Qxd5 4.
Nf3 Nc6 5. g3 Nd4 6. Nxd4 Qxh1 7. Nc3 c6 8. d3 Nf6 9. Bg5 Bc5 10. Nb3 Bb6 11. O-O-O Qxh2 12. d4 Nd5 13. Ne4 O-O 14.
c4 Nc7 15. c5 f6 16. cxb6 fxg5 17. bxc7 e5 18. dxe5 Be6 19. Nbc5 Bd5 20. Qg4 Rac8 21. Qxg5 Rxc7 22. Be2 h6 23. Qe3 Re7 24. f4 b6 25.
Nd3 Bxa2 26. Nb4 Bd5 27. Nxd5 cxd5 28. Rxd5 Rc7+ 29. Nc3 Qh1+ 30. Bd1 Rxc3+ 31. Qxc3 Kh7 32. Rd2 Qh3 33. Bc2+ Kh8 34. Qf3 Rc8 35. f5 Rc5 36. f6 Rxe5 37. fxg7+ Kxg7 38. Qc3 Qh1+ 39. Bd1 Qe1 40.
Rd7+ Kg6 41. Qd3+ Kf6 42. Rd6+ Kg5 43. Qg6# 1-0

[Event "*** SCC Grand Prix: Titled Tuesday Blitz"]
[Site "Chess.com"]
[Date "2020.06.02"]
[Round "6"]
[White "snap_man"]
[Black "Mikedannnn"]
[Result "0-1"]
[WhiteElo "2290"]
[BlackElo "2451"]
[TimeControl "180+1"]
[EndTime "11:09:32 PDT"]
[Termination "Mikedannnn won by resignation"]

1. e4 c5 2. Nf3 e6 3. g3 Nc6 4. Bg2 d6 5. O-O Nf6 6. Re1 Be7 7. d4 cxd4 8. Nxd4 Qc7 9. c4 O-O 10. Nc3 a6 11. b3 Rb8 12. Bb2 Ne5 13. f4 Ned7 14. g4 g6 15. g5 Nh5 16. Rf1 e5 17. Nd5 Qd8 18. Nf5 Re8 19. Nfxe7+ Rxe7 20. Nxe7+ Qxe7 21. fxe5 Nxe5 22. Bxe5 dxe5 23. Kh1 Be6 24.
Qd2 Nf4 25. h4 Rd8 26. Qf2 Rd3 27. Rad1 Qd6 28. Rxd3 Qxd3 29. Qf3 Qd2 30. Rf2 Qe1+ 31. Kh2 Bg4 32. Qg3 Nh5 33. Qxg4 Qxf2 34. Qc8+ Kg7 35. Qg4 Nf4 36. b4 Nxg2 37. Qxg2 Qxh4+ 38. Kg1 Qe1+ 39. Kh2 Qxb4 40. Qf1 Qe7 41. Qc1 Qc5 42. Qf1 Qc6 43. c5 Kg8 44. Qa1 Qxe4 45. Qd1 Qh4+ 46. Kg1 Qxg5+ 0-1